 Dungeon Crawl Stone Soup version 0.31.0-11-ge490571c62 (webtiles) character file.

Game seed: 54137307051993755

58 Silvore the Trooper (level 3, -1/29 HPs)
             Began as a Demonspawn Fighter on Feb 11, 2024.
             Killed from afar by Natasha (6 damage)
             ... with a magic dart
             ... on level 2 of the Dungeon.
             The game lasted 00:01:20 (1008 turns).

Silvore the Trooper (Demonspawn Fighter)            Turns: 1008, Time: 00:01:21

Health: -1/29      AC:  9    Str: 18    XL:     3   Next: 76%
Magic:  3/3        EV:  9    Int:  8    God:
Gold:   41         SH:  4    Dex: 12    Spells: 2/2 levels left

rFire   . . .        a - +0 long sword
rCold   . . .        c - +0 buckler
rNeg    . . .        b - +0 scale mail
rPois   .            (no helmet)
rElec   .            (no cloak)
rCorr   .            e - +0 pair of gloves
SInv    .            (no boots)
Will    .....        (no amulet) Stlth
                     m - ring of flight
HPRegen 0.24/turn    (no ring)
MPRegen 0.08/turn

%: no passive effects
@: flying, slowed, very slow
A: rugged brown scales 1, ignite blood 1
a: no special abilities


You were on level 2 of the Dungeon.
You visited 1 branch of the dungeon, and saw 2 of its levels.

You collected 41 gold pieces.

Inventory:

Hand Weapons
 a - a +0 long sword (weapon)
Armour
 b - a +0 scale mail (worn)
 c - a +0 buckler (worn)
 e - a +0 pair of gloves (worn)
Jewellery
 f - a ring of ice
 m - a ring of flight (left hand)
Scrolls
 j - a scroll of teleportation
Potions
 d - a potion of might
 g - a potion of lignification {unknown}
 h - a potion of brilliance {unknown}
 k - a potion of enlightenment
 l - 2 potions of haste


   Skills:
 + Level 3.3 Fighting
 + Level 2.4 Long Blades
 + Level 3.3 Armour
 + Level 0.2 Dodging
 + Level 3.0 Shields


You had 2 spell levels left.
You didn't know any spells.
Your spell library contained the following spells:

 Spells                   Type           Power      Damage    Failure   Level
 Necrotise                Necr           0%         1d4       86%         1
 Vampiric Draining        Necr           0%         2d6       99%         3
 Martyr's Knell           Necr/Summ      0%         N/A       100%        4
 Curse of Agony           Necr           0%         N/A       100%        5


Dungeon Overview and Level Annotations

Branches:
Dungeon (2/15)

Altars:

Annotations:
D:2 Natasha


Innate Abilities, Weirdness & Mutations

You are partially covered in rugged brown scales. (AC +1, +3% HP)
Your demonic aura sometimes causes spilled blood to erupt in flames.


Message History

Natasha's front paws start to glow.
Natasha barely misses you.
You hit Natasha.
Natasha is heavily wounded.
The cerulean imp hits you but does no damage.
Natasha barely misses you.
The cerulean imp hits you but does no damage.
Natasha stares at you and mumbles some strange words.
You feel as though you will be slow longer.
You hit Natasha.
Natasha is severely wounded.
The cerulean imp hits you but does no damage.
Natasha claws you.
The cerulean imp hits you but does no damage.
Natasha stares at you and mumbles some strange words.
You resist with significant effort.
You hit Natasha but do no damage.
Natasha is severely wounded.
You block the cerulean imp's attack.
Natasha wildly gestures.
Natasha shimmers violently.
Natasha claws you.
The cerulean imp hits you with a +2 spear.
Natasha claws you.
You barely miss Natasha.
Natasha is severely wounded.
The cerulean imp hits you with a +2 spear.
Natasha barely misses you.
The cerulean imp hits you with a +2 spear.
* * * LOW HITPOINT WARNING * * *
You block Natasha's attack.
You barely miss Natasha.
Natasha is severely wounded.
The cerulean imp disappears in a puff of smoke!
Natasha claws you.
* * * LOW HITPOINT WARNING * * *
Natasha stares at you and mumbles some strange words.
The magic dart hits you.
You die...
Natasha begins licking her fur clean.

#.# #.# #.# !
#.#### ♣♣ .#
#....# .♣P. #
####.# ...
....##.######.#
#.....>.§.h.#
#........<@#.#
#.###.####.# #
#.# #.# #.# #.#
..# #.# ### #.#
#.# ...


You could see Natasha.

Vanquished Creatures
  Natasha (D:2)
  2 dart slugs (D:1)
  3 ball pythons
  2 endoplasms
  A giant cockroach (D:1)
  6 goblins
  2 hobgoblins
  4 kobolds
  A quokka (D:1)
  4 bats
  3 frilled lizards
  2 rats
31 creatures vanquished.

Notes
Turn   | Place    | Note
-------+----------+-------------------------------------------
     0 | D:1      | Silvore the Demonspawn Fighter began the quest for the Orb.
     0 | D:1      | Reached XP level 1. HP: 18/18 MP: 1/1
   187 | D:1      | Gained mutation: Your demonic aura sometimes causes spilled
                  | blood to erupt in flames. [demonic ancestry]
   187 | D:1      | Reached XP level 2. HP: 23/24 MP: 2/2
   920 | D:2      | Noticed Natasha
   926 | D:2      | Killed Natasha
   927 | D:2      | Gained mutation: You are partially covered in rugged brown
                  | scales. (AC +1, +3% HP) [demonic ancestry]
   927 | D:2      | Reached XP level 3. HP: 19/29 MP: 3/3
   999 | D:2      | Noticed Natasha
  1008 | D:2      | Killed from afar by Natasha

Illustrated notes

Levels and vault maps discovered:
D:1:      nagdon_arrival_zigzag_paths, layout_basic
D:2:      layout_loops_ring, serial_forest, infiniplex_forest_end_2,
          infiniplex_forest_lined_corner, infiniplex_forest_clump_small,
          infiniplex_forest_clump_small, infiniplex_forest_lined_room_2,
          infiniplex_forest_zigzag_1, supply_closet_lemuel,
          minmay_misc_feat_four_crosses, uniq_natasha, uniq_terence, uniq_robin

Skill      XL: |  1  2 |
---------------+-------+-----
Long Blades    | 2 |  2.4
Shields        | 3 |  3.0
Armour         | 3 |  3.3
Fighting       | |  3.3
Dodging        | |  0.2

Action                     || total
---------------------------++-------
  Melee: Long sword        ||    84
    Use: Scroll            ||     6
 Armour: Scale mail        ||    84
  Dodge: Dodged            ||    45
  Block: Buckler           ||    20
